Map: Persephone LE

Players

EnemyBimbo

  • Race: Zerg Zerg
  • League: Diamond
  • Spawn Location: 7:00

JimBob - Winner!

  • Race: Terran Terran
  • Spawn Location: 11:00

VOD

Have the link to the VOD?

Description

a poor Zerg weak to the wretched earth monkeys

Time

  • Played on: Aug. 23, 2025, 6:39 p.m.
  • Length: 19:55
Show
View Real Time Build Order
Export as new Build Order

EnemyBimbo Zerg 

Build Orders: Hatch First, Lurkers, Roach Hydra 

Get SALT Encoding   

  12  0:00  Drone  
  13  0:08  Drone  
  13  0:14  Drone, Extractor  
  15  0:21  Overlord  
  15  0:41  Drone  
  16  0:48  Hatchery  
  15  0:50  Drone  
  15  0:53  Drone  
  17  0:59  Drone  
  18  1:08  Extractor  
  17  1:14  Spawning Pool  
  17  1:16  Drone  
  17  1:20  Drone  
  18  1:26  Drone  
  19  1:37  Drone  
  20  1:47  Drone  
  21  2:03  Queen  
  21  2:04  Queen  
  21  2:05  Zergling x4  
  27  2:16  Hatchery  
  27  2:21  Overlord  
  26  2:31  Metabolic Boost  
  26  2:36  Overlord  
  26  2:43  Drone x2  
  28  2:44  Overlord  
  28  2:56  Queen  
  30  2:59  Drone  
  30  3:00  Drone  
  30  3:03  Drone  
  34  3:05  Drone  
  34  3:15  Queen  
  34  3:18  Drone  
  34  3:19  Drone  
  38  3:21  Drone  
  38  3:27  Drone x2  
  41  3:33  Queen  
  43  3:37  Overlord  
  43  3:47  Drone x4  
  47  3:50  Overlord  
  47  3:54  Drone x2  
  49  4:03  Zergling x8  
  49  4:06  Spore Crawler  
  52  4:20  Spore Crawler  
  52  4:21  Drone x2  
  52  4:22  Roach Warren  
  52  4:23  Drone x3, Spore Crawler  
  52  4:24  Drone x2  
  56  4:32  Lair  
  56  4:34  Drone x2, Extractor  
  56  4:35  Drone  
  56  4:37  Drone  
  56  4:38  Drone  
  60  4:39  Drone  
  60  4:41  Drone  
  62  4:47  Drone x2  
  62  4:48  Drone x2  
  65  5:00  Spore Crawler  
  64  5:09  Queen  
  64  5:11  Queen  
  65  5:17  Overlord x3  
  64  5:33  Glial Reconstitution  
  64  5:39  Hydralisk Den  
  64  5:40  Evolution Chamber  
  64  5:41  Drone x5  
  67  5:43  Evolution Chamber  
  67  5:44  Drone x2  
  67  5:45  Drone x2  
  70  5:53  Hatchery  
  70  5:55  Roach x6  
  81  6:06  Drone, Baneling Nest  
  81  6:14  Drone x2  
  81  6:15  Extractor  
  81  6:16  Extractor  
  81  6:18  Drone x3  
  84  6:19  Drone x3  
  84  6:22  Drone x2, Extractor x2  
  87  6:25  Drone  
  87  6:26  Drone x2  
  87  6:28  Overlord x4  
  87  6:32  Zerg Missile Weapons Level 1  
  90  6:42  Zerg Ground Armor Level 1  
  90  6:51  Centrifugal Hooks  
  90  6:52  Zergling x14  
  97  6:57  Drone x6  
  103  7:14  Grooved Spines  
  103  7:19  Infestation Pit  
  102  7:24  Lurker Den  
  102  7:28  Baneling  
  102  7:29  Baneling x4  
  101  7:30  Hatchery  
  101  7:36  Drone x11  
  101  7:37  Drone x8  
  119  7:41  Queen  
  119  7:42  Extractor x2  
  119  7:43  Overlord x2  
  119  7:48  Overlord x2  
  119  7:56  Hatchery  
  118  8:02  Spore Crawler  
  118  8:04  Muscular Augments  
  117  8:11  Hydralisk x8  
  133  8:14  Hive  
  135  8:20  Roach x8  
  135  8:22  Baneling x2  
  135  8:24  Baneling  
  149  8:31  Zerg Missile Weapons Level 2  
  149  8:33  Hatchery  
  148  8:36  Zergling x8  
  148  8:38  Overlord x3  
  152  8:41  Queen  
  152  8:42  Pneumatized Carapace  
  152  8:45  Overseer x2  
  151  8:55  Hydralisk x3  
  153  8:57  Overlord x7  
  153  9:01  Zerg Ground Armor Level 2  
  157  9:03  Hydralisk  
  157  9:05  Hydralisk  
  161  9:19  Roach x7  
  161  9:20  Roach x4  
  181  9:25  Spine Crawler  
  181  9:27  Drone x3, Spine Crawler x2  
  181  9:30  Queen  
  183  9:43  Viper x2  
  189  9:54  Drone  
  189  9:55  Drone x2  
  192  10:03  Hydralisk  
  192  10:04  Hydralisk x2  
  198  10:29  Seismic Spines  
  198  10:30  Adrenal Glands  
  198  10:34  Zergling x2  
  199  10:51  Zerg Missile Weapons Level 3  
  194  11:06  Lurker x3  
  194  11:07  Lurker x3  
  200  11:16  Overlord x2  
  199  11:26  Adaptive Talons  
  199  11:37  Unknown  
  188  11:52  Hydralisk x7, Roach x5  
  196  11:57  Roach x2  
  193  12:23  Viper x2  
  190  13:24  Hydralisk  
  190  13:27  Hydralisk x21  
  144  13:28  Hydralisk x13  
  180  13:41  Zerg Ground Armor Level 3  
  180  13:43  Zerg Melee Weapons Level 1  
  180  13:44  Hydralisk x10  
  200  13:55  Extractor x2, Zergling x2  
  199  13:56  Zergling x2  
  182  14:45  Zergling x24  
  148  14:49  Hydralisk x12  
  148  14:50  Hydralisk x16  
  186  15:23  Spire  
  178  15:34  Lurker  
  178  15:35  Lurker x9  
  183  15:46  Hydralisk  
  183  15:47  Hydralisk x5  
  195  15:51  Viper  
  195  16:43  Greater Spire  
  192  16:47  Spire  
  192  16:49  Ultralisk Cavern  
  192  16:53  Hydralisk  
  192  16:54  Hydralisk x4  
  200  17:08  Extractor  
  199  17:09  Extractor  
  199  17:10  Extractor  
  199  17:12  Extractor  
  196  17:22  Hydralisk x2  
  186  18:05  Corruptor x8  
  196  18:32  Corruptor x3  
  129  19:02  Spire  
  108  19:03  Spire  
  98  19:22  Spawning Pool  
  88  19:39  Spore Crawler  
  88  19:40  Spore Crawler  
  88  19:41  Spore Crawler  
  88  19:42  Spore Crawler  
Show
View Real Time Build Order
Export as new Build Order

JimBob Terran - Winner!

Build Orders: Mech 

Get SALT Encoding   

  12  0:00  SCV  
  13  0:12  SCV  
  14  0:21  Supply Depot  
  14  0:24  SCV  
  15  0:42  SCV  
  16  0:44  Barracks  
  16  0:54  SCV  
  17  1:06  SCV  
  18  1:19  SCV  
  19  1:31  Orbital Command, Marine  
  20  1:34  Command Center  
  20  1:44  Refinery  
  20  1:45  Supply Depot  
  20  1:51  Marine  
  20  1:52  Refinery  
  21  1:56  SCV  
  22  2:13  SCV  
  22  2:15  Bunker  
  23  2:16  Marine  
  24  2:25  SCV  
  26  2:37  SCV  
  26  2:49  Refinery, SCV  
  26  2:51  Orbital Command, Command Center  
  27  3:01  SCV  
  28  3:06  Factory  
  28  3:07  Marine  
  29  3:13  SCV  
  29  3:18  SCV  
  31  3:25  Marine  
  31  3:26  SCV  
  33  3:30  Refinery, SCV  
  34  3:38  SCV  
  35  3:42  SCV  
  35  3:44  Factory  
  36  3:50  SCV, Factory Tech Lab  
  36  3:52  Supply Depot  
  36  3:54  SCV  
  38  4:03  SCV  
  38  4:04  SCV  
  40  4:10  SCV  
  41  4:18  SCV  
  41  4:21  SCV, Engineering Bay  
  41  4:23  SCV  
  44  4:24  Siege Tank  
  44  4:27  Factory Tech Lab  
  44  4:28  Factory  
  44  4:30  SCV  
  48  4:33  SCV  
  48  4:35  SCV  
  50  4:42  SCV  
  50  4:45  SCV  
  52  4:47  Infernal Pre-Igniter  
  52  4:52  Siege Tank, SCV  
  56  4:54  Neosteel Armor  
  56  4:55  SCV  
  56  4:59  Hellion  
  59  5:05  SCV  
  60  5:09  Supply Depot  
  60  5:11  Planetary Fortress  
  60  5:13  SCV  
  61  5:17  SCV  
  61  5:21  Hellion  
  64  5:25  SCV  
  64  5:26  Factory Reactor  
  64  5:28  Factory  
  65  5:29  SCV  
  65  5:34  Refinery  
  66  5:37  SCV  
  66  5:41  SCV  
  68  5:49  SCV  
  69  5:51  Hellion  
  69  5:52  Hellion  
  69  5:53  SCV  
  69  5:54  Armory  
  69  5:55  Refinery  
  69  5:56  Armory  
  74  5:59  Supply Depot  
  74  6:00  SCV  
  74  6:03  SCV  
  76  6:10  Armory, SCV  
  77  6:13  Supply Depot  
  77  6:16  Factory Tech Lab  
  77  6:17  Supply Depot  
  77  6:20  Siege Tank  
  77  6:21  SCV, Hellion x2  
  85  6:33  Sensor Tower  
  85  6:34  SCV x2, Hellion  
  85  6:38  SCV  
  90  6:41  Command Center  
  90  6:43  Hellion  
  90  6:44  Smart Servos  
  90  6:46  SCV x2  
  90  6:47  Hellion  
  96  6:49  Widow Mine  
  96  6:50  SCV  
  99  6:57  Supply Depot  
  99  6:58  SCV  
  100  7:10  Supply Depot  
  100  7:13  Supply Depot  
  100  7:19  Command Center  
  100  7:22  Hellion  
  108  7:25  Terran Vehicle Weapons Level 1  
  108  7:29  Terran Vehicle And Ship Armor Level 1  
  102  7:30  Terran Ship Weapons Level 1  
  102  7:31  SCV x2  
  104  7:37  SCV  
  105  7:45  Siege Tank x3  
  105  7:47  SCV, Hellion  
  105  7:48  Supply Depot  
  105  7:49  SCV  
  118  7:51  Missile Turret  
  118  7:57  SCV, Factory  
  118  7:58  Starport  
  119  8:11  SCV  
  120  8:12  Refinery  
  120  8:13  Refinery  
  120  8:16  Hellion  
  120  8:17  Siege Tank  
  120  8:18  Hellion  
  120  8:19  Command Center  
  127  8:22  SCV  
  127  8:24  SCV  
  129  8:30  Planetary Fortress  
  129  8:31  SCV  
  130  8:37  Command Center  
  128  8:49  Hellion, Thor  
  128  8:50  Hellion  
  128  8:51  Hellion  
  140  9:11  SCV  
  139  9:19  Factory Tech Lab  
  135  9:27  Siege Tank x2, Hellion x2  
  135  9:28  Starport Tech Lab  
  135  9:30  Terran Vehicle Weapons Level 2  
  135  9:31  Terran Ship Weapons Level 2, Terran Vehicle And Ship Armor Level 2, Supply Depot  
  141  9:32  Siege Tank  
  141  9:33  Supply Depot  
  141  9:34  SCV  
  141  9:38  Planetary Fortress  
  145  9:48  Sensor Tower  
  145  9:49  SCV x3  
  145  9:51  Orbital Command, Sensor Tower  
  148  9:53  SCV  
  148  9:56  Siege Tank, Hellion  
  148  9:57  Hellion  
  148  9:59  Hellion, Thor  
  164  10:01  SCV  
  164  10:04  Hellion  
  167  10:10  Missile Turret  
  167  10:14  Command Center  
  167  10:17  Refinery, Missile Turret  
  167  10:20  Missile Turret  
  167  10:21  SCV  
  168  10:22  Refinery  
  168  10:25  Command Center  
  168  10:27  SCV x2  
  170  10:30  Missile Turret  
  170  10:34  Orbital Command  
  170  11:04  Command Center  
  170  11:25  Command Center  
  166  11:50  Siege Tank x2, Hellion x2, Thor  
  134  11:57  Siege Tank  
  129  12:02  Planetary Fortress  
  128  12:11  Raven  
  130  12:21  Hellion x2  
  130  12:22  Siege Tank x2, Terran Ship Weapons Level 3  
  140  12:24  Terran Vehicle Weapons Level 3, Terran Vehicle And Ship Armor Level 3  
  140  12:25  SCV  
  140  12:29  Siege Tank  
  144  12:31  Starport  
  144  12:33  Siege Tank  
  144  12:34  Starport  
  144  12:36  Starport  
  147  12:38  Starport  
  147  12:39  Starport  
  147  12:41  Starport  
  147  12:42  Starport, Hellion x2  
  151  12:45  Raven  
  153  12:54  Siege Tank  
  153  12:55  Siege Tank  
  153  12:57  Planetary Fortress  
  159  13:01  Siege Tank  
  159  13:03  Hellion  
  159  13:05  Siege Tank  
  161  13:15  Fusion Core  
  161  13:16  Starport  
  161  13:17  Starport Tech Lab x6  
  161  13:18  Starport Tech Lab  
  158  13:26  Siege Tank  
  142  13:55  Starport Tech Lab  
  142  14:15  Refinery  
  142  14:16  Refinery  
  142  14:20  Command Center  
  142  14:21  Planetary Fortress  
  142  14:24  Battlecruiser  
  142  14:25  Battlecruiser x4  
  142  14:26  Battlecruiser x4  
  176  14:59  SCV  
  177  15:01  Hi-Sec Auto Tracking  
  177  15:04  Weapon Refit  
  177  15:18  Missile Turret, Sensor Tower  
  177  15:29  Battlecruiser x4  
  200  15:38  Missile Turret  
  200  15:54  Command Center  
  200  16:06  Command Center  
  197  17:16  Command Center  
  197  17:19  Missile Turret  
  197  17:24  Planetary Fortress, Missile Turret  
  197  17:26  Missile Turret  
  192  17:50  Battlecruiser  
  195  17:52  Raven  
  196  18:17  Refinery  
  196  18:20  Missile Turret  
  196  18:23  Missile Turret x2  
  196  18:26  Refinery  
Tags
 
Add a new tag
Caveats
  • Supply blocks, unpowered buildings, or Contaminate may cause inaccurate times.
  • Supply counts are checked every 10 seconds.